 Dungeon Crawl Stone Soup version 0.31.0-12-g77e489cdc1 (webtiles) character file.

Game seed: 10850542018640407757

184 lordive the Poker (level 5, -1/47 HPs)
             Began as a Minotaur Monk on Mar 2, 2024.
             Slain by Grinder (3 damage)
             ... on level 3 of the Dungeon.
             The game lasted 00:03:09 (2482 turns).

lordive the Poker (Minotaur Monk)                   Turns: 2482, Time: 00:03:11

Health: -1/47      AC:  2    Str: 18    XL:     5   Next: 36%
Magic:  4/4        EV: 13    Int:  7    God:
Gold:   221        SH:  0    Dex: 12    Spells: 4/4 levels left

rFire   . . .        a - +0 spear
rCold   . . .        (no shield)
rNeg    . . .        b - +0 robe
rPois   .            (helmet restricted)
rElec   .            (no cloak)
rCorr   .            (no gloves)
SInv    .            (no boots)
Will    .....        (no amulet)
Stlth   +            (no ring)
HPRegen 0.27/turn    (no ring)
MPRegen 0.09/turn

%: no passive effects
@: no status effects
A: horns 2, retaliatory headbutt
a: no special abilities


You were on level 3 of the Dungeon.
You visited 1 branch of the dungeon, and saw 4 of its levels.

You collected 221 gold pieces.

Inventory:

Hand Weapons
 a - a +0 spear (weapon)
Armour
 b - a +0 robe (worn)
Wands
 r - a wand of flame (18)
Scrolls
 d - a scroll of enchant armour {unknown}
 e - 4 scrolls of identify {unknown}
 f - 2 scrolls of noise {unknown}
 g - a scroll of brand weapon {unknown}
 i - a scroll of enchant weapon {unknown}
 l - a scroll of silence {unknown}
 n - a scroll of poison {unknown}
 o - 2 scrolls of teleportation {unknown}
 q - a scroll of blinking {unknown}
Potions
 c - 2 potions of ambrosia
 h - 2 potions of enlightenment {unknown}
 j - 2 potions of attraction {unknown}
 k - 3 potions of heal wounds {unknown}
 m - a potion of lignification {unknown}
 p - 2 potions of brilliance {unknown}


   Skills:
 + Level 4.9 Fighting
 + Level 5.6 Polearms
 + Level 4.4 Dodging


You had 4 spell levels left.
You didn't know any spells.
Your spell library contained the following spells:

 Spells                   Type           Power      Damage    Failure   Level
 Sting                    Conj/Alch      0%         1d3       43%         1
 Ensorcelled Hibernation  Hex/Ice        0%         N/A       56%         2
 Mercury Vapours          Alch/Air       0%         N/A       56%         2
 Static Discharge         Conj/Air       0%         3-3/arc   56%         2
 Dazzling Flash           Conj/Hex       0%         N/A       80%         3
 Gell's Gravitas          Tloc           0%         N/A       80%         3
 Hailstorm                Conj/Ice       0%         3d5       80%         3
 Inner Flame              Hex/Fire       0%         N/A       80%         3
 Mephitic Cloud           Conj/Alch/Air  0%         N/A       80%         3
 Passwall                 Erth           0%         N/A       80%         3
 Summon Ice Beast         Ice/Summ       0%         N/A       80%         3
 Swiftness                Air            0%         N/A       80%         3
 Teleport Other           Tloc           0%         N/A       80%         3
 Airstrike                Air            0%         2d(0-16)  99%         4
 Flame Wave               Conj/Fire      0%         2d4       99%         4
 Olgreb's Toxic Radiance  Alch           0%         N/A       99%         4
 Sticky Flame             Fire/Alch      0%         2d4       99%         4
 Summon Lightning Spire   Summ/Air       0%         N/A       99%         4
 Curse of Agony           Necr           0%         N/A       100%        5
 Silence                  Hex/Air        0%         N/A       100%        5
 Dispersal                Tloc           0%         N/A       100%        6
 Sculpt Simulacrum        Ice/Alch       0%         N/A       100%        6


Dungeon Overview and Level Annotations

Branches:
Dungeon (4/15)
 Temple: D:4-7

Altars:
Dithmenos
Elyvilon
Zin

Annotations:
D:3 Grinder


Innate Abilities, Weirdness & Mutations

You have a pair of horns on your head.
You reflexively headbutt those who attack you in melee.


Message History

You barely miss Grinder.
Grinder is heavily wounded.
Grinder misses you.
You barely miss Grinder. You headbutt Grinder, but do no damage.
Grinder is heavily wounded.
Grinder barely misses you.
You closely miss Grinder.
Grinder is heavily wounded.
You barely miss Grinder.
Grinder is heavily wounded.
Grinder misses you. You furiously retaliate!
You headbutt Grinder! You hit Grinder but do no damage.
Grinder is severely wounded.
Grinder barely misses you.
You hit Grinder.
Grinder is severely wounded.
Grinder gestures at you.
You barely resist. You hit Grinder.
Grinder is almost dead.
Grinder barely misses you.
You hit Grinder but do no damage. Your headbutt misses Grinder.
Grinder is almost dead.
Grinder hits you.
* * * LOW HITPOINT WARNING * * *
You writhe in agony.
* * * LOW HITPOINT WARNING * * *
You hit Grinder. Your headbutt misses Grinder.
Grinder is almost dead.
You closely miss Grinder.
Grinder is almost dead.
Grinder hits you.
* * * LOW HITPOINT WARNING * * *
You hit Grinder but do no damage.
Grinder is almost dead.
Grinder hits you.
* * * LOW HITPOINT WARNING * * *
You writhe in agony.
You die...
Grinder says, "Hey, I wasn't done torturing you yet!"

##### #...# ### ### #@#.#
#.# #.# #5#.# #.###.####
#.#.####........# ######
#.#....#.##..##.# .....#
#.#..#.#.#......# .....#
#.#......#...#### .....#
#.#.######.###
.....###########.#........#
................>....######


You could see Grinder.

Vanquished Creatures
  Robin (D:2)
  4 gnolls (D:3)
  6 adders (D:2)
  2 dart slugs
  A ribbon worm (D:3)
  An orc (D:3)
  6 endoplasms
  3 giant cockroaches
  13 goblins
  5 hobgoblins
  6 jackals
  2 quokkas (D:1)
  9 ball pythons
  4 bats
  2 frilled lizards (D:1)
  A kobold (D:1)
  6 rats
72 creatures vanquished.

Notes
Turn   | Place    | Note
-------+----------+-------------------------------------------
     0 | D:1      | lordive the Minotaur Monk began the quest for the Orb.
     0 | D:1      | Reached XP level 1. HP: 19/19 MP: 0/0
   224 | D:1      | Reached XP level 2. HP: 17/27 MP: 1/1
   350 | D:1      | Reached skill level 4 in Polearms
   887 | D:2      | Reached XP level 3. HP: 29/33 MP: 2/2
  1291 | D:2      | Reached XP level 4. HP: 41/41 MP: 3/3
  1367 | D:2      | Noticed Robin
  1397 | D:2      | Killed Robin
  1398 | D:2      | Reached skill level 5 in Polearms
  1478 | D:2      | Found a faded altar of an unknown god.
  1773 | D:3      | Found a glowing silver altar of Zin.
  1841 | D:3      | Reached XP level 5. HP: 47/47 MP: 4/4
  1937 | D:3      | Found a white marble altar of Elyvilon.
  1966 | D:3      | Found a shadowy altar of Dithmenos.
  2462 | D:3      | Noticed Grinder
  2482 | D:3      | HP: 2/47 [Grinder (2)]
  2482 | D:3      | Slain by Grinder

Illustrated notes

Levels and vault maps discovered:
D:1:      zelgadis_glass_arrival_small, layout_basic, minmay_indecisive_spiral
D:2:      layout_loops_ring, chequers_ecumenical_altar_simple, uniq_robin
D:3:      layout_basic, lemuel_crystal_altar, mainiacjoe_overflow_paths,
          nicolae_dithmenos_the_darkroom, uniq_grinder
D:4:      layout_basic, minivault_23, uniq_eustachio

Skill      XL: |  1  2  3  4 |
---------------+-------------+-----
Fighting       | 4 |  4.9
Polearms       | 4 5 |  5.6
Dodging        | 4 |  4.4

Action                     |  1- 3 |  4- 6 || total
---------------------------+-------+-------++-------
  Melee: Spear             |   106 |   122 ||   228
         Headbutt          |    10 |    12 ||    22
         Punch             |     1 |     1 ||     2
   Stab: Sleeping          |     4 |     2 ||     6
 Armour: Robe              |    31 |    40 ||    71
  Dodge: Dodged            |    35 |    51 ||    86
